 Dungeon Crawl Stone Soup version 0.30-a0-141-g30f27751c5 (webtiles) character file.

Game seed: 6074097904801529229

389 qw the Chopper (level 6, -2/38 HPs)
             Began as a Gargoyle Fighter on Sept 25, 2022.
             Killed by divine providence
             ... invoked by an orc priest
              (16 damage)
             ... on level 5 of the Dungeon.
             The game lasted 00:01:23 (3464 turns).

qw the Chopper (Gargoyle Fighter)                   Turns: 3464, Time: 00:01:23

Health: -2/38      AC: 13    Str: 21    XL:     6   Next: 79%
Magic:  6/6        EV:  9    Int:  9    God:
Gold:   165        SH:  4    Dex:  9    Spells: 5/5 levels left

rFire   . . .      SeeInvis +    Y - +1 war axe
rCold   . . .      Faith    .    c - +0 buckler
rNeg    + . .      Spirit   .    b - +0 scale mail
rPois   inf        Reflect  .    j - +1 hat {Stlth+}
rElec   +          Harm     .    p - +0 cloak
rCorr   .          Rampage  .    (no gloves)
Will    .....                    (no boots)
Stlth   +.........               (no amulet)
HPRegen 0.12/turn                i - ring of see invisible
MPRegen 0.10/turn                (no ring)

@: no status effects
A: sickness immunity, AC +4, negative energy resistance 1, electricity
resistance, torment resistance 1, petrification resistance
a: no special abilities


You were on level 5 of the Dungeon.
You visited 1 branch of the dungeon, and saw 5 of its levels.

You collected 235 gold pieces.
You spent 70 gold pieces at shops.


Innate Abilities, Weirdness & Mutations

You are immune to sickness and miasma.
Your stone body is resilient. (AC +4)
You are immune to poison.
You resist negative energy. (rN+)
You are resistant to electric shocks. (rElec)
You are resistant to unholy torment.
You are immune to petrification.


   Skills:
 - Level 4.0 Fighting
 + Level 5.9 Axes
 - Level 3.2 Armour
 - Level 1.1 Dodging
 - Level 3.2 Shields


You had 5 spell levels left.
You didn't know any spells.
Your spell library was empty.

Inventory:

Hand Weapons
 k - a +0 flail
 Y - a +1 war axe (weapon)
Armour
 b - a +0 scale mail (worn)
 c - a +0 buckler (worn)
 j - a +1 hat of stealth (worn)
 p - a +0 cloak (worn)
Jewellery
 i - a ring of see invisible (left hand)
Scrolls
 l - a scroll of identify
Potions
 d - 3 potions of might
 e - 5 potions of curing
 g - a potion of resistance
 m - a potion of cancellation
 n - a potion of haste {unknown}
 q - a potion of attraction {unknown}

Dungeon Overview and Level Annotations

Branches:
Dungeon (5/15)
 Temple: D:4-7

Altars:
Kikubaaqudgha
Sif Muna

Shops:
D:2 !


Message History

Where to? (* - list waypoints, Enter - D:4, ? - help)
What level of the Dungeon? (default 1, ? - help)
You swap places.
There is a stone staircase leading down here.
You climb downwards.
Your summoned allies are left behind.
The orc shouts! x2; You hear a shout! x2
There is a stone staircase leading up here.
There are monsters nearby!
Existing waypoints: (1) D:4 (2) D:3 Assign waypoint to what number? (0-9, D - delete waypoint) Waypoint 2 re-assigned from D:3 to D:5.
An orc comes into view. It is wielding a +0 trident.
An orc comes into view. It is wielding a +0 mace.
The orc shouts!
An adder comes into view.
An ogre comes into view. It is wielding a +0 giant spiked club.
An orc priest comes into view. It is wielding a +0 dagger.
The adder hisses angrily.
The orc priest shouts!
The orc priest mumbles some strange prayers to Beogh against you.
Beogh smites you!
You slash the orc!
You kill the orc!
You slash the orc!
You kill the orc!
You block the adder's attack.
You slash the adder!
The adder is severely wounded.
The adder closely misses you.
The orc priest invokes the aid of Beogh against you.
Beogh smites you!
You slash the adder!
You kill the adder!
The orc hits you but does no damage.
The orc priest looks satisfied for a moment.
You closely miss the orc. The orc hits you but does no damage.
The orc barely misses you.
The orc priest mumbles some strange prayers to Beogh against you.
Beogh smites you!
You die...

. #.. ....#
#.....#####
#.....o@.<#
#....o#.###
#...o #.#
#... #.#
#.. #.# #.
... # #.#
..#


You could see an orc priest and 2 orcs.

Vanquished Creatures
  A black bear (D:2)
  An ogre (D:4)
  Jessica (D:3)
  An iguana (D:3)
  3 gnolls (D:4)
  4 adders
  2 worms
  A dart slug (D:1)
  9 orcs
  7 bats
  4 endoplasms
  5 giant cockroaches
  4 goblins
  8 hobgoblins
  8 kobolds
  3 quokkas
  6 ball pythons
  5 frilled lizards
  8 rats
81 creatures vanquished.

Notes
Turn   | Place    | Note
-------+----------+-------------------------------------------
     0 | D:1      | qw the Gargoyle Fighter began the quest for the Orb.
     0 | D:1      | Reached XP level 1. HP: 14/14 MP: 1/1
     0 | D:1      | 0 ||| qw: Version: 0.2-a-10-g399e6c4
     0 | D:1      | 0 ||| qw: Game counter: 187
     0 | D:1      | 0 ||| qw: Always use a shield: true
     0 | D:1      | 0 ||| qw: God list: Okawaru
     0 | D:1      | 0 ||| qw: Allow faded altars: false
     0 | D:1      | 0 ||| qw: Do Orc after D:15 true
     0 | D:1      | 0 ||| qw: Do second Lair branch before Depths: true
     0 | D:1      | 0 ||| qw: Lair rune preference: random
     0 | D:1      | 0 ||| qw: Plans: Normal, Zot:1-4, God:TSO, Crypt, Tomb,
                  | Pan, Slime:5, Hells, Abyss, Orb
     0 | D:1      | 0 ||| PLANNING D:1-11
    60 | D:1      | Reached skill level 2 in Axes
   195 | D:1      | Reached XP level 2. HP: 15/19 MP: 2/2
   565 | D:1      | 565 ||| UPGRADING to +1 hat of stealth.
   570 | D:1      | 570 ||| READING scroll labelled LYHOSE TYGE.
   571 | D:1      | 571 ||| READING scroll labelled FOPSUA MAIS.
   572 | D:1      | 572 ||| READING scroll labelled ROLEKUBRYZOL.
   693 | D:2      | Reached skill level 3 in Axes
   693 | D:2      | Reached XP level 3. HP: 23/23 MP: 3/3
   858 | D:2      | Found Ruaf's Distillery.
   862 | D:2      | 862 ||| SHOPLISTING 2 potions of heal wounds (100 gold,
                  | have 72).
   862 | D:2      | 862 ||| SHOPLISTING 2 potions of might (80 gold, have 72).
   862 | D:2      | 862 ||| BUYING potion of curing (30 gold).
   862 | D:2      | Bought a potion of curing for 30 gold pieces
   862 | D:2      | 862 ||| SHOPLISTING potion of experience (500 gold, have
                  | 42).
   862 | D:2      | 862 ||| SHOPLISTING potion of haste (100 gold, have 42).
   862 | D:2      | 862 ||| BUYING potion of might (40 gold).
   862 | D:2      | Bought a potion of might for 40 gold pieces
   862 | D:2      | 862 ||| SHOPLISTING potion of might (40 gold, have 2).
   862 | D:2      | 862 ||| SHOPLISTING potion of resistance (100 gold, have
                  | 2).
   862 | D:2      | 862 ||| Stepping ~*~*~tactically~*~*~ (stealth).
   914 | D:2      | 914 ||| Stepping ~*~*~tactically~*~*~ (stealth).
  1250 | D:2      | 1250 ||| Stepping ~*~*~tactically~*~*~ (stealth).
  1252 | D:2      | 1252 ||| Stepping ~*~*~tactically~*~*~ (stealth).
  1256 | D:2      | 1256 ||| Stepping ~*~*~tactically~*~*~ (stealth).
  1264 | D:2      | 1264 ||| Stepping ~*~*~tactically~*~*~ (stealth).
  1266 | D:2      | 1266 ||| Stepping ~*~*~tactically~*~*~ (stealth).
  1267 | D:2      | 1267 ||| Stepping ~*~*~tactically~*~*~ (stealth).
  1283 | D:2      | Noticed a black bear
  1294 | D:2      | Killed a black bear
  1295 | D:2      | Reached skill level 4 in Axes
  1295 | D:2      | Reached XP level 4. HP: 22/28 MP: 4/4
  1295 | D:2      | Reached XP level 5. HP: 25/32 MP: 5/5
  1614 | D:2      | 1614 ||| DROPPING amulet of faith.
  1615 | D:2      | 1615 ||| UPGRADING to ring of see invisible.
  1616 | D:2      | 1616 ||| DROPPING ring of magical power.
  1617 | D:2      | 1617 ||| READING scroll labelled PIOXTEMAHU.
  1618 | D:2      | 1618 ||| READING 2 scrolls labelled WAM NEKHUE.
  1717 | D:3      | Reached skill level 5 in Axes
  1849 | D:3      | Noticed Jessica
  1850 | D:3      | 1850 ||| Stepping ~*~*~tactically~*~*~ (hiding).
  1851 | D:3      | 1851 ||| Stepping ~*~*~tactically~*~*~ (hiding).
  1855 | D:3      | Killed Jessica
  1875 | D:3      | 1875 ||| Stepping ~*~*~tactically~*~*~ (stealth).
  1885 | D:3      | 1885 ||| Stepping ~*~*~tactically~*~*~ (stealth).
  1916 | D:3      | Found a shimmering blue altar of Sif Muna.
  1953 | D:3      | 1953 ||| FLEEEEING.
  1996 | D:3      | 1996 ||| Stepping ~*~*~tactically~*~*~ (stealth).
  2108 | D:3      | Reached XP level 6. HP: 35/38 MP: 6/6
  2398 | D:3      | 2398 ||| READING 2 scrolls labelled RIAVIM ZINWU.
  2402 | D:3      | 2402 ||| READING 4 scrolls of identify.
  2402 | D:3      | 2402 ||| IDENTIFYING emerald potion
  2403 | D:3      | 2403 ||| READING 3 scrolls of identify.
  2403 | D:3      | 2403 ||| IDENTIFYING smoky clear potion
  2404 | D:3      | 2404 ||| READING 2 scrolls of identify.
  2404 | D:3      | 2404 ||| IDENTIFYING smoky golden potion
  2405 | D:3      | 2405 ||| DROPPING potion of ambrosia.
  2446 | D:4      | Found an ancient bone altar of Kikubaaqudgha.
  2522 | D:4      | 2522 ||| Stepping ~*~*~tactically~*~*~ (stealth).
  2530 | D:4      | HP: 9/38 [ogre/+0 giant club (16)]
  2531 | D:4      | 2531 ||| READING 2 scrolls of teleportation.
  2532 | D:4      | 2532 ||| DRINKING potion of heal wounds.
  2603 | D:4      | Reached skill level 1 in Dodging
  2678 | D:4      | 2678 ||| Stepping ~*~*~tactically~*~*~ (stealth).
  2684 | D:4      | 2684 ||| Stepping ~*~*~tactically~*~*~ (stealth).
  2686 | D:4      | 2686 ||| Stepping ~*~*~tactically~*~*~ (hiding).
  2910 | D:4      | 2910 ||| DROPPING +0 whip.
  3043 | D:4      | 3043 ||| Stepping ~*~*~tactically~*~*~ (stealth).
  3138 | D:4      | HP: 4/38 [ogre/+0 giant club (14)]
  3139 | D:4      | 3139 ||| READING scroll of teleportation.
  3443 | D:4      | 3443 ||| UPGRADING to +0 cloak.
  3448 | D:4      | 3448 ||| DROPPING amulet of magic regeneration.
  3449 | D:4      | 3449 ||| READING scroll labelled HOACRI DOGYEDU.
  3450 | D:4      | 3450 ||| READING scroll labelled OPNANI SUGRUMI.
  3451 | D:4      | 3451 ||| READING 2 scrolls of identify.
  3451 | D:4      | 3451 ||| IDENTIFYING fuming orange potion
  3456 | D:5      | Entered Level 5 of the Dungeon
  3464 | D:5      | Killed from afar by an orc priest

Levels and vault maps discovered:
D:1:      amcnicky_arrival_feature_with_door, layout_rooms
D:2:      layout_basic, serial_shops, nicolae_diamond_shop,
          minmay_misc_feat_cross, minmay_misc_feat_tiny,
          nicolae_kite_square_tiling_tiny, grunt_ministairs_4,
          reono_crystal_passage
D:3:      layout_loops_ring, nicolae_sif_muna_condensation,
          chequers_serial_rivers_small_3, amethyst_killhole,
          minmay_misc_feat_plants, uniq_jessica
D:4:      layout_cave_pools, mainiacjoe_overflow_tiny_flanked
D:5:      layout_basic, old_standard_altar

Skill      XL: |  1  2  3  4  5  6 |
---------------+-------------------+-----
Axes           | 2 3 4 5 |  5.9
Fighting       | 4 |  4.0
Dodging        | 1 |  1.1
Armour         | |  3.2
Shields        | |  3.2

Action                   |  1- 3 |  4- 6 || total
-------------------------+-------+-------++-------
Melee: War axe           |   101 |   136 ||   237
Throw: Boomerang         |       |     7 ||     7
  Use: Scroll            |     3 |    11 ||    14
       Potion            |       |     1 ||     1
Armor: Scale mail        |    51 |    64 ||   115
Dodge: Dodged            |    44 |    58 ||   102
Block: Buckler           |    21 |    23 ||    44

Table legend:
 A = Non-vault XP
 B = Vault XP
 C = Vault XP percentage of total XP
 D = Non-vault monster count
 E = Vault monster count
 F = Vault count percentage of total count
                 A         B        C        D         E       F
            +---------+---------+-------+---------+---------+-------
      Total |     517 |      40 |   7.2 |      78 |       3 |   3.7
            +---------+---------+-------+---------+---------+-------
        D:1 |      26 |       0 |   0.0 |      15 |       0 |   0.0
        D:2 |     173 |       3 |   1.7 |      20 |       2 |   9.1
        D:3 |      83 |      37 |  30.8 |      22 |       1 |   4.3
        D:4 |     215 |       0 |   0.0 |      18 |       0 |   0.0
        D:5 |      20 |       0 |   0.0 |       3 |       0 |   0.0
            +---------+---------+-------+---------+---------+-------
